General information
- name: BNet
- type: Ladder 1vs1/FFA
- host: Battle.net
- saver: timg4strok
map: TerenasStand
- players: 2
- length: 26:24
- speed: Fast
- version: 1.21 W3XP
- replay type:

» download(113 KB)
Players
team 1 (loser)
dota-papaya (
red | 120 APM | 3159 actions | 26:23)
5 Death Knight
3 Death Coil
2 Unholy Aura
4 Lich
2 Frost Armor
2 Frost Nova
» actions
| Assign group hotkey | 40 | |
| Basic commands | 221 | |
| Build / train | 97 | |
| Enter build submenu | 15 | |
| Enter hero's abilities submenu | 9 | |
| Give item / drop item | 9 | |
| Remove unit from queue | 7 | |
| Right click | 1582 | |
| Select / deselect | 573 | |
| Select group hotkey | 496 | |
| Use ability | 110 | |
3159 total
» units
| Acolyte | 10 | |
| Ghoul | 12 | |
| Crypt Fiend | 13 | |
| Obsidian Statue | 4 | |
| Gargoyle | 9 | |
| Abomination | 2 | |
50 total
» upgrades
| Creature Attack | 1 | |
| Burrow | 1 | |
| Web | 1 | |
| Creature Carapace | 2 | |
5 total
» buildings
| Altar of Darkness | 1 | |
| Ziggurat | 5 | |
| Crypt | 1 | |
| Graveyard | 1 | |
| Tomb of Relics | 1 | |
| Nerubian Tower | 1 | |
| Spirit Tower | 5 | |
| Halls of the Dead | 3 | |
| Slaughterhouse | 1 | |
| Black Citadel | 3 | |
22 total
» build order
00:08 Altar of Darkness
00:10 Ziggurat
00:36 Crypt
00:57 Graveyard
01:14 Tomb of Relics
01:53 Ziggurat
03:02 Nerubian Tower
04:04 Spirit Tower
04:04 Spirit Tower
04:05 Spirit Tower
04:45 Halls of the Dead
04:45 Halls of the Dead
04:45 Halls of the Dead
05:01 Ziggurat
06:34 Ziggurat
07:11 Slaughterhouse
08:07 Black Citadel
08:07 Black Citadel
08:25 Ziggurat
09:12 Spirit Tower
10:03 Spirit Tower
11:22 Black Citadel
12:03 Spirit Tower
» items
| Rod of Necromancy | 1 | |
| Potion of Lesser Invulnerability | 1 | |
| Scroll of Town Portal | 1 | |
| Potion of Healing | 2 | |
| Orb of Corruption | 1 | |
6 total
team 2 (winner)

»
timg4strok (
teal | 159 APM | 4205 actions | 26:24)
5 Lich
3 Frost Nova
1 Dark Ritual
1 Frost Armor
5 Death Knight
3 Death Coil
2 Unholy Aura
» actions
| Assign group hotkey | 42 | |
| Basic commands | 95 | |
| Build / train | 74 | |
| ESC pressed | 6 | |
| Enter build submenu | 17 | |
| Enter hero's abilities submenu | 10 | |
| Give item / drop item | 3 | |
| Right click | 1645 | |
| Select / deselect | 402 | |
| Select group hotkey | 1821 | |
| Use ability | 90 | |
4205 total
» units
| Acolyte | 13 | |
| Ghoul | 13 | |
| Gargoyle | 19 | |
| Obsidian Statue | 4 | |
49 total
» upgrades
| Stone Form | 1 | |
| Creature Attack | 2 | |
| Creature Carapace | 1 | |
4 total
» buildings
| Crypt | 2 | |
| Altar of Darkness | 1 | |
| Ziggurat | 5 | |
| Tomb of Relics | 1 | |
| Halls of the Dead | 1 | |
| Graveyard | 1 | |
| Slaughterhouse | 1 | |
| Black Citadel | 1 | |
13 total
» build order
00:07 Crypt
00:09 Altar of Darkness
00:24 Ziggurat
00:51 Tomb of Relics
01:18 Ziggurat
03:36 Halls of the Dead
04:45 Graveyard
04:59 Crypt
05:29 Ziggurat
07:25 Slaughterhouse
07:49 Ziggurat
10:27 Ziggurat
11:29 Black Citadel
» items
| Rod of Necromancy | 1 | |
| Scroll of Town Portal | 1 | |
| Potion of Healing | 2 | |
| Orb of Corruption | 2 | |
6 total
Chat log
(04:31 / All) timg4strok: who would have thought cloak of shadows would be so good :x
(21:29 / All) dota-papaya: lol
(21:36 / All) timg4strok: :o